 Dungeon Crawl Stone Soup version 0.19-a0-1907-gcff654f (webtiles) character file.

461 Amnesiac the Ruffian (level 6, 0/62 HPs)
             Began as a Troll Monk on Oct 21, 2016.
             Was a Believer of Uskayaw.
             Slain by an adder (2 damage)
             ... on level 8 of the Dungeon.
             The game lasted 00:03:47 (958 turns).

Amnesiac the Ruffian (Troll Monk)                    Turns: 958, Time: 00:03:48

Health: 0/62       AC:  7    Str: 20    XL:     6   Next: 79%
Magic:  5/5        EV: 11    Int:  6    God:    Uskayaw [**....]
Gold:   101        SH:  0    Dex: 14    Spells: 0 memorised, 5 levels left

rFire  . . .     SeeInvis .       - Unarmed
rCold  . . .     Gourm    +     c - +0 robe (curse)
rNeg   . . .     Faith    .     (no shield)
rPois  .         Spirit   .     (helmet restricted)
rElec  .         Reflect  .     (no cloak)
rCorr  .         Harm     .     (gloves unavailable)
MR     +....     Rnd*Rage +     (boots unavailable)
Stlth  ++........               (no amulet)
                                (no ring)
                                (no ring)

@: no status effects
A: unfitting armour, claws 3, molten scales 1, berserk 2, blurry vision 1, fast
metabolism 3, gourmand, magic resistance 1, regeneration 1, shaggy fur 1, tough
skin 2
a: Stomp, Line Pass, Renounce Religion


You were on level 8 of the Dungeon.
You worshipped Uskayaw.
Uskayaw was noncommittal.
You were very full.

You visited 1 branch of the dungeon, and saw 8 of its levels.

You collected 101 gold pieces.

Inventory:

Armour
 c - a cursed +0 robe (worn)
Scrolls
 a - a scroll of teleportation {unknown}
 d - a scroll of identify {unknown}
 i - a scroll of remove curse {unknown}
 j - a scroll of enchant weapon {unknown}
 m - a scroll of blinking {unknown}
 p - a scroll of enchant armour {unknown}
Potions
 e - 2 potions of heal wounds {unknown}
 g - a potion of curing {unknown}
 k - a potion of brilliance {unknown}
 l - a potion of cure mutation {unknown}
 o - a potion of degeneration {unknown}
Books
 n - a book of Conjurations

   Spells                             Type                      Level
   a - Magic Dart                     Conjuration                  1
   b - Searing Ray                    Conjuration                  2
   c - Dazzling Spray                 Conjuration/Hexes            3
   d - Fulminant Prism                Conjuration/Hexes            4
   e - Iskenderun's Mystic Blast      Conjuration                  4
   f - Iskenderun's Battlesphere      Conjuration/Charms           5
Comestibles
 b - 6 bread rations
 f - 3 meat rations
 h - a slice of pizza
 q - a chunk of flesh


   Skills:
 + Level 3.8 Fighting
 + Level 3.6 Dodging
 - Level 1.0 Stealth
 * Level 6.0 Unarmed Combat


You had 5 spell levels left.
You didn't know any spells.

Dungeon Overview and Level Annotations

Branches:
Dungeon (8/15)
 Temple: D:4-7         Lair: D:8-11

Altars:
Hepliaklqana
Uskayaw


Innate Abilities, Weirdness & Mutations

You are too large for most types of armour.
You have claws for hands.
Your metabolism is lightning-fast.
You like to eat raw meat.
Your natural rate of healing is unusually fast.
You are covered in fur. (AC +1)
You have very tough skin. (AC +2)
You are partially covered in molten scales. (AC +2)
You often lose your temper in combat.
Scrolls take you a little longer to read.
You are resistant to hostile enchantments. (MR+)


Message History

The hippogriff claws you. The orc priest closely misses you.
The orc closely misses you.
You scratch the orc.
The orc is lightly wounded.
The adder bites you but does no damage. The hippogriff bites you.
The hippogriff pecks you but does no damage.
The hippogriff claws you!
* * * LOW HITPOINT WARNING * * *
The orc priest miscasts a cantrip.
The adder bites you but does no damage.
You can now pass through a line of other dancers.
You claw the orc!
You kill the orc!
The hippogriff closely misses you. x2
The hippogriff claws you but does no damage.
The orc priest calls down the wrath of Beogh upon you.
Beogh smites you!
* * * LOW HITPOINT WARNING * * *
The adder bites you.
You die...

...................#
.......<...........#
...................#
...................#
[..................#
...................###
###+######............
#...H)o......
#....@o......
#....)S......
#...........(
#............
....#####..... .....
...$. ..... .... ....
....


You could see a hippogriff, an orc priest, an adder and an orc.

Vanquished Creatures
  A sky beast (D:7)
  A phantom (D:6)
  An ice beast (D:7)
  2 hounds (D:6)
  A jelly (D:6)
  An iguana (D:6)
  A worker ant (D:6)
  A shadow imp (D:7)
  An adder zombie (D:6)
  2 leopard geckos
  9 orcs
  2 bats (D:2)
  2 giant cockroaches
  A goblin (D:3)
  4 hobgoblins
  13 jackals
  2 kobolds
  2 quokkas
  A frilled lizard (D:2)
48 creatures vanquished.

Notes
Turn   | Place    | Note
-------+----------+-------------------------------------------
     0 | D:1      | Amnesiac the Troll Monk began the quest for the Orb.
     0 | D:1      | Reached XP level 1. HP: 22/22 MP: 0/0
   144 | D:2      | Found a hide-covered altar of Uskayaw.
   165 | D:2      | Became a worshipper of Uskayaw the Reveler
   165 | D:2      | Reached * piety under Uskayaw
   170 | D:2      | Reached XP level 2. HP: 29/29 MP: 1/1
   171 | D:2      | Reached ** piety under Uskayaw
   177 | D:2      | Reached *** piety under Uskayaw
   180 | D:2      | Reached **** piety under Uskayaw
   337 | D:3      | Reached XP level 3. HP: 36/36 MP: 2/2
   449 | D:4      | Found a hazy altar of Hepliaklqana.
   506 | D:4      | Reached skill level 4 in Unarmed Combat
   523 | D:5      | Entered Level 5 of the Dungeon
   572 | D:6      | Reached XP level 4. HP: 44/44 MP: 3/3
   602 | D:6      | Reached XP level 5. HP: 23/53 MP: 4/4
   718 | D:6      | Noticed a phantom
   761 | D:6      | Reached skill level 5 in Unarmed Combat
   764 | D:6      | Killed a phantom
   764 | D:6      | Reached XP level 6. HP: 55/61 MP: 5/5
   836 | D:7      | Noticed a sky beast
   862 | D:7      | Killed a sky beast
   867 | D:7      | Gained mutation: You are resistant to hostile enchantments. (MR+) [mutagenic meat]
   868 | D:7      | Gained mutation: You are partially covered in molten scales. (AC +2) [mutagenic meat]
   869 | D:7      | Gained mutation: You tend to lose your temper in combat. [mutagenic meat]
   870 | D:7      | Gained mutation: You often lose your temper in combat. [mutagenic meat]
   871 | D:7      | Gained mutation: Scrolls take you a little longer to read. [mutagenic meat]
   918 | D:7      | Noticed an ice beast
   935 | D:7      | Killed an ice beast
   935 | D:7      | Reached skill level 6 in Unarmed Combat
   946 | D:8      | Noticed a hippogriff
   958 | D:8      | HP: 2/62 [orc priest/divine providence (12)]
   958 | D:8      | Slain by an adder

Vault maps used:
D:1:      evilmike_arrival_rings
D:2:      old_standard_altar, overflow_temple_1_default, first_bread,
          uniq_natasha
D:3:      portal_sewer_entry_b
D:4:      overflow_temple_1_default, lemuel_round_altar,
          kennysheep_small_spiral, minmay_quantized
D:5:      zin_scriptorium, interstate_on_off, uniq_edmund, uniq_grinder
D:6:      basic_altar, nemelex_lonely_heart_becter
D:7:      nicolae_overflow_quartered_altars, nicolae_overflow_hidden_temple
D:8:      lair_0_dummy, uniq_maurice

Skill      XL: |  1  2  3  4  5  6 |
---------------+-------------------+-----
Unarmed Combat | 4 5 6 |  6.0
Fighting       | 3 |  3.8
Dodging        | 3 |  3.6
Stealth        | |  1.0

Action                   |  1- 3 |  4- 6 || total
-------------------------+-------+-------++-------
Melee: Unarmed           |    71 |    91 ||   162
       Punch             |       |     2 ||     2
 Stab: Paralysed         |     2 |     1 ||     3
       Sleeping          |     1 |       ||     1
  Eat: Chunk             |     7 |    12 ||    19
Armor: Robe              |    47 |    39 ||    86
Dodge: Dodged            |    78 |    49 ||   127
